 Dungeon Crawl Stone Soup version 0.27.0-1-g7a089689b8 (webtiles) character file.

Game seed: 1592440501029362372

7 Spectrina the Ducker (level 1, 0/13 HPs)
             Began as a Deep Elf Monk on Aug 6, 2021.
             Frozen to death by an endoplasm (3 damage)
             ... on level 1 of the Dungeon.
             The game lasted 00:01:12 (177 turns).

Spectrina the Ducker (Deep Elf Monk)                 Turns: 177, Time: 00:01:13

Health: 0/13       AC:  2    Str:  8    XL:     1   Next: 83%
Magic:  4/4        EV: 13    Int: 14    God:
Gold:   22         SH:  0    Dex: 17    Spells: 2/2 levels left

rFire    . . .     SeeInvis .   f - +2 dagger (drain)
rCold    . . .     Faith    .   (no shield)
rNeg     . . .     Spirit   .   b - +0 robe
rPois    .         Reflect  .   (no helmet)
rElec    .         Harm     .   (no cloak)
rCorr    .         Rampage  .   (no gloves)
Will     .....                  (no boots)
Stlth    ++........             (no amulet)
HPRegen  0.04/turn              (no ring)
MPRegen  0.09/turn              (no ring)

@: no status effects
A: no striking features
a: no special abilities


You were on level 1 of the Dungeon.
You visited 1 branch of the dungeon, and saw 2 of its levels.

You collected 22 gold pieces.

Inventory:

Hand Weapons
 a - a +0 short sword
 f - a +2 dagger of draining (weapon)
Missiles
 e - 21 stones (quivered)
Armour
 b - a +0 robe (worn)
Scrolls
 c - a scroll of teleportation {unknown}
Potions
 d - a potion of attraction {unknown}


   Skills:
 - Level 2.4 Fighting
 - Level 3.0 Short Blades
 - Level 3.6 Dodging
 - Level 2.4 Stealth
 + Level 1.3 Spellcasting
 + Level 1.0 Invocations


You had 2 spell levels left.
You didn't know any spells.
Your spell library was empty.

Dungeon Overview and Level Annotations

Branches:
Dungeon (2/15)

Altars:


Message History

Your Spellcasting skill increases to level 1!
You see here 17 stones.
e - 17 stones A kobold comes into view. It is wielding a +2 dagger of draining.
You hit the kobold.
The kobold is heavily wounded.
You closely miss the kobold.
The kobold is heavily wounded.
The kobold completely misses you.
You hit the kobold but do no damage.
The kobold is heavily wounded.
The kobold hits you with a +2 dagger of draining.
You feel drained.
* * * LOW HITPOINT WARNING * * *
Press: ? - help, v - describe, . - travel
Here: a kobold, wielding a +2 dagger of draining and quivering stones (heavily wounded)
The floor.
Unknown command.
You hit the kobold.
You kill the kobold!
Your life force feels restored.
Your Invocations skill increases to level 1!
Unknown command.
e - 21 stones (gained 4)
You see here a +2 dagger of draining.
You sense an unholy aura.
f - a +2 dagger of draining (weapon)
A frilled lizard comes into view.
An endoplasm comes into view.
You hit the frilled lizard.
You kill the frilled lizard!
You hit the endoplasm.
The endoplasm is lightly wounded.
The endoplasm hits you.
* * * LOW HITPOINT WARNING * * *
You barely miss the endoplasm.
The endoplasm is lightly wounded.
The endoplasm freezes you.
You are frozen.
You die...

#. #.. ####...###
# ###
#..#....<#### ..#
##.###........
#.###..###........
#.##.#...##....##.
#J###..#####......
#@# #..# ####....
#.# #..# #..#####
#.# #..# #..#....
#.# #..# #.......
#.# #..# #.......
#.###..####.......
#.................
####.#######.####.
#.#######.# #.


You could see an endoplasm.

Vanquished Creatures
  A bat (D:1)
  An endoplasm (D:1)
  2 kobolds
  2 frilled lizards (D:1)
6 creatures vanquished.

Notes
Turn   | Place    | Note
-------+----------+-------------------------------------------
     0 | D:1      | Spectrina the Deep Elf Monk began the quest for the Orb.
     0 | D:1      | Reached XP level 1. HP: 13/13 MP: 3/3
    80 | D:2      | Noticed a black bear
   119 | D:1      | Reached skill level 1 in Spellcasting
   135 | D:1      | Reached skill level 1 in Invocations
   177 | D:1      | Frozen to death by an endoplasm

Illustrated notes

Levels and vault maps discovered:
D:1:      minmay_arrival_loop, layout_loops_ring,
          dreamdust_ecumenical_altar_grove, minmay_tetromino_o4
D:2:      layout_basic

Skill      XL: |  1 |
---------------+----+-----
Spellcasting   | 1 |  1.3
Invocations    | 1 |  1.0
Fighting       | |  2.4
Short Blades   | |  3.0
Dodging        | |  3.6
Stealth        | |  2.4

Action                   || total
-------------------------++-------
Melee: Short sword       ||    25
       Dagger            ||     3
Armor: Robe              ||     7
Dodge: Dodged            ||    19
